Map: 카이로스 정션 - 래더

Players

HeroMarine

  • Race: Terran Terran
  • League: Master
  • Spawn Location: 5:00

OGZest (Zest) - Winner!

  • Race: Protoss Protoss
  • Spawn Location: 11:00

Event: HomeStory Cup XIX

VOD

Have the link to the VOD?

Description

Time

  • Played on: June 28, 2019, 4:17 p.m.
  • Length: 9:43

All games in this series

Show
View Real Time Build Order
Export as new Build Order

HeroMarine Terran 

Build Orders: Reaper Expand 

Get SALT Encoding   

  12  0:00  SCV  
  13  0:12  SCV  
  14  0:16  Supply Depot  
  14  0:25  SCV  
  15  0:38  SCV  
  15  0:40  Barracks  
  16  0:43  Refinery  
  16  0:50  SCV  
  17  1:02  SCV  
  18  1:14  SCV  
  19  1:27  Orbital Command, Reaper  
  20  1:40  Command Center  
  20  1:49  Supply Depot  
  20  1:53  SCV  
  21  1:59  Barracks Reactor  
  21  2:05  SCV  
  21  2:06  Refinery  
  22  2:17  SCV  
  22  2:20  Factory  
  23  2:29  SCV  
  24  2:35  Marine x2  
  25  2:41  SCV  
  26  2:51  Orbital Command  
  26  2:53  Marine x2, SCV  
  29  3:03  Starport  
  29  3:04  Widow Mine  
  29  3:05  SCV  
  32  3:07  Orbital Command  
  32  3:11  Marine x2  
  34  3:17  SCV  
  34  3:18  Supply Depot  
  35  3:25  Widow Mine  
  37  3:29  Marine x2, SCV  
  40  3:34  SCV  
  40  3:39  Medivac  
  43  3:41  Barracks, SCV  
  43  3:46  SCV  
  45  3:50  Marine x2  
  45  3:52  Factory Tech Lab  
  45  3:55  SCV  
  48  3:58  SCV  
  49  4:03  Supply Depot  
  51  4:10  Starport Tech Lab  
  51  4:11  Barracks  
  51  4:13  Siege Tank  
  51  4:15  SCV x2  
  54  4:20  Bunker  
  54  4:22  Refinery  
  54  4:27  SCV x2  
  54  4:28  Raven  
  54  4:31  Supply Depot  
  58  4:32  Marine  
  58  4:33  Marine  
  60  4:41  Engineering Bay  
  60  4:42  SCV x2  
  62  4:54  Marauder, Stimpack, Marine x2, SCV x2  
  68  5:03  Supply Depot  
  68  5:06  SCV x2  
  70  5:08  Refinery, Supply Depot  
  70  5:09  Terran Infantry Weapons Level 1  
  70  5:15  Factory Reactor  
  70  5:17  Starport Reactor  
  70  5:18  SCV  
  70  5:19  SCV  
  69  5:22  Marine  
  69  5:24  Marine  
  69  5:25  Marauder x2  
  74  5:29  Combat Shield  
  74  5:33  Supply Depot  
  74  5:34  Supply Depot  
  74  5:42  Marine x2  
  74  5:46  Marauder x2  
  80  5:53  Medivac  
  80  5:54  Widow Mine x2  
  80  5:55  Supply Depot  
  86  5:57  Supply Depot  
  86  6:00  Marine x2  
  88  6:08  Marauder x2, Supply Depot  
  88  6:10  SCV x2  
  94  6:15  Widow Mine  
  94  6:16  Widow Mine  
  98  6:20  Supply Depot  
  98  6:21  Marine x2  
  100  6:29  Marauder  
  100  6:30  Medivac x2  
  106  6:37  Marauder  
  108  6:40  Marine x2  
  108  6:42  Supply Depot  
  108  6:43  Widow Mine x2  
  114  6:48  Concussive Shells  
  114  6:49  SCV x2  
  114  6:50  Marauder  
  118  6:59  Marauder, Marine x2  
  122  7:03  Terran Infantry Armor Level 1  
  122  7:05  Medivac x2  
  126  7:12  Marauder  
  117  7:16  Marine x2  
  117  7:22  Marauder  
  115  7:23  Widow Mine  
  115  7:24  Widow Mine  
  115  7:25  Command Center  
  119  7:36  Marine x2  
  121  7:39  Barracks x2, Medivac  
  121  7:40  Medivac  
  125  7:46  Marauder  
  125  7:47  Marauder  
  129  7:52  Liberator  
  129  7:55  Liberator  
  123  8:00  Marine x2  
  123  8:01  SCV  
  123  8:02  SCV  
  122  8:08  Marauder x2  
  124  8:15  Widow Mine x2  
  124  8:19  Marine  
  132  8:21  Marine  
  132  8:24  SCV  
  132  8:25  SCV  
  135  8:29  Marauder x2  
  135  8:30  Barracks Reactor  
  135  8:31  Barracks Tech Lab  
  137  8:36  SCV  
  137  8:37  Liberator, SCV  
  137  8:39  Marine x4  
  137  8:40  Widow Mine  
  137  8:41  Liberator, Widow Mine  
  136  8:51  Marauder x2  
  143  8:57  Marine x4  
  150  9:11  Marine  
  150  9:12  Marauder  
  150  9:14  Marine  
  146  9:20  Marine  
  146  9:21  Marine  
  146  9:23  Marine  
Show
View Real Time Build Order
Export as new Build Order

OGZest Protoss - Winner!

Build Orders: 1 Gate Expand, Oracle Opening, Blink Stalkers, Chargelot Immortal 

Get SALT Encoding   

  12  0:00  Probe  
  13  0:12  Probe  
  14  0:17  Pylon  
  14  0:24  Probe  
  15  0:32  Probe  
  15  0:38  Gateway  
  15  0:40  Probe  
  16  0:47  Assimilator  
  17  0:51  Probe  
  18  1:03  Probe  
  19  1:15  Probe  
  20  1:25  Cybernetics Core  
  20  1:33  Nexus  
  20  1:36  Probe  
  21  1:43  Pylon  
  21  1:48  Probe  
  21  1:51  Adept  
  22  1:54  Assimilator  
  22  2:00  Probe  
  25  2:04  Warp Gate  
  25  2:08  Probe  
  26  2:16  Probe  
  27  2:23  Sentry  
  27  2:27  Probe  
  30  2:39  Probe  
  30  2:41  Probe  
  30  2:42  Twilight Council  
  31  2:44  Oracle  
  31  2:49  Probe  
  31  2:50  Blink  
  31  2:51  Stalker, Probe  
  36  2:59  Probe  
  36  3:04  Probe  
  38  3:06  Gateway  
  38  3:11  Probe  
  39  3:16  Probe  
  40  3:24  Probe, Pylon  
  41  3:28  Probe  
  42  3:36  Probe  
  42  3:37  Robotics Facility  
  42  3:40  Probe  
  42  3:41  Assimilator  
  44  3:48  Probe  
  45  3:52  Probe  
  46  4:00  Stalker x2, Probe  
  51  4:04  Probe, Pylon  
  52  4:10  Nexus  
  52  4:19  Probe x2  
  52  4:22  Pylon  
  52  4:23  Stalker x2  
  58  4:28  Pylon  
  58  4:31  Probe  
  59  4:35  Forge  
  59  4:36  Pylon  
  59  4:37  Observer  
  60  4:38  Probe  
  61  4:47  Stalker x2  
  61  4:48  Probe  
  61  4:51  Probe  
  67  4:55  Observer  
  67  5:00  Probe  
  67  5:03  Probe  
  70  5:12  Charge, Probe  
  71  5:15  Probe  
  71  5:16  Protoss Ground Armor Level 1  
  70  5:24  Probe  
  70  5:27  Immortal  
  67  5:28  Stalker  
  67  5:29  Stalker  
  67  5:30  Probe x2  
  67  5:33  Gateway  
  67  5:34  Gateway  
  73  5:37  Gateway  
  73  5:38  Observer  
  77  5:45  Pylon  
  77  5:48  Gateway  
  77  5:49  Gateway  
  77  5:50  Pylon  
  77  5:56  Immortal, Gateway  
  77  6:03  Probe x3  
  84  6:12  Zealot x2  
  84  6:13  Pylon  
  86  6:28  Probe x3  
  86  6:29  Immortal  
  89  6:38  Photon Cannon  
  93  6:41  Zealot  
  93  6:43  Zealot x2  
  93  6:44  Zealot x4  
  107  6:48  Photon Cannon  
  107  6:55  Stalker  
  109  7:04  Stalker x5  
  109  7:08  Protoss Ground Armor Level 2, Immortal  
  109  7:22  Forge  
  113  7:24  Pylon  
  113  7:27  Zealot x2  
  117  7:34  Pylon  
  117  7:35  Pylon  
  117  7:36  Pylon  
  117  7:40  Observer, Nexus  
  117  7:41  Pylon  
  117  7:50  Zealot x3  
  112  8:00  Sentry x2  
  112  8:04  Immortal  
  106  8:06  Zealot x2  
  106  8:07  Zealot  
  106  8:12  Zealot x3  
  118  8:26  Stalker x2, Observer  
  122  8:27  Zealot x3  
  128  8:34  Immortal  
  114  8:42  Zealot x3  
  124  8:49  Zealot x5  
  134  9:03  Zealot  
  134  9:04  Zealot x2  
  140  9:16  Zealot x5  
  126  9:24  Zealot x3  
  103  9:38  Stalker x4  
Tags
 
Add a new tag
Caveats
  • Supply blocks, unpowered buildings, or Contaminate may cause inaccurate times.
  • Supply counts are checked every 10 seconds.